 Dungeon Crawl Stone Soup version 0.28-a0-643-g84cb2ea78e (webtiles) character file.

Game seed: 1714870445322037018

1306 dracfodder the Chopper (level 8, -1/49 HPs)
             Began as a Gargoyle Berserker on Oct 10, 2021.
             Was an Elder of Trog.
             Slain by an iguana (10 damage)
             ... on level 5 of the Dungeon.
             The game lasted 00:21:08 (4523 turns).

dracfodder the Chopper (Gargoyle Berserker)         Turns: 4523, Time: 00:21:09

Health: -1/49      AC: 14    Str: 23    XL:     8   Next: 57%
Magic:  8/8        EV:  8    Int: 14    God:    Trog [****..]
Gold:   242        SH:  7    Dex:  9    Spells: 7/7 levels left

rFire   . . .      SeeInvis .   a - +0 war axe
rCold   . . .      Faith    .   s - +0 kite shield
rNeg    + . .      Spirit   .   p - +0 scale mail
rPois   ∞          Reflect  .   (no helmet)
rElec   +          Harm     .   u - +1 cloak
rCorr   .          Rampage  .   (no gloves)
Will    .....                   (no boots)
Stlth   ..........              n - amulet of regeneration
HPRegen 1.16/turn               d - +6 ring of intelligence
MPRegen 0.11/turn               (no ring)

@: no status effects
A: sickness immunity, AC +5, negative energy resistance 1, electricity
resistance, torment resistance 1, petrification resistance
a: Renounce Religion, Berserk, Trog's Hand, Brothers in Arms


You were on level 5 of the Dungeon.
You worshipped Trog.
Trog was greatly pleased with you.
You visited 1 branch of the dungeon, and saw 5 of its levels.
You also visited: Ossuary.

You collected 242 gold pieces.

Inventory:

Hand Weapons
 a - a +0 war axe (weapon)
 b - a +0 hunting sling
 e - a +0 mace
 w - a +4 halberd
Missiles
 f - a throwing net
 g - 10 sling bullets
 h - 126 stones (quivered)
 l - 20 bolts
 o - 7 poisoned darts
Armour
 p - a +0 scale mail (worn)
 s - a +0 kite shield (worn)
 u - a +1 cloak (worn)
Jewellery
 d - a +6 ring of intelligence (left hand)
 m - a ring of magical power
 n - an amulet of regeneration (around neck)
 r - a ring of protection from cold
Wands
 i - a wand of flame (42)
 x - a wand of acid (8)
 y - a wand of polymorph (7)
Scrolls
 k - 3 scrolls of identify
 t - a scroll of enchant weapon {unknown}
 z - 2 scrolls of fog {unknown}
Potions
 c - 5 potions of curing
 j - 2 potions of flight
 q - 2 potions of invisibility {unknown}
 v - 2 potions of cancellation


   Skills:
 + Level 5.2 Fighting
 * Level 7.0(7.3) Axes
 + Level 3.3(6.0) Maces & Flails
 + Level 1.7 Slings
 + Level 3.8 Armour
 + Level 2.3 Dodging
 + Level 0.5 Stealth
 + Level 2.2 Shields


You had 7 spell levels left.
You didn't know any spells.
Your spell library was empty.

Dungeon Overview and Level Annotations

Branches:
Dungeon (5/15)            Ossuary (visited)
 Temple: D:4-7

Altars:
Qazlal
Zin

Shops:
D:4 *

Annotations:
D:5 Prince Ribbit


Innate Abilities, Weirdness & Mutations

You are immune to sickness and miasma.
Your stone body is resilient. (AC +5)
You are immune to poison.
You resist negative energy. (rN+)
You are resistant to electric shocks. (rElec)
You are resistant to unholy torment.
You are immune to petrification.


Message History

Your Axes skill increases to level 7!
You slash Prince Ribbit!
Prince Ribbit is moderately wounded.
Prince Ribbit croaks regally.
Prince Ribbit hits you.
Prince Ribbit catches a baby bat with his tongue.
You block Prince Ribbit's attack.
You slash Prince Ribbit!
Prince Ribbit is heavily wounded.
Prince Ribbit hits you! x2
You barely miss Prince Ribbit.
Prince Ribbit is heavily wounded.
You feel the effects of Trog's Hand fading.
Prince Ribbit barely misses you. Prince Ribbit hits you.
* * * LOW HITPOINT WARNING * * *
An iguana comes into view.
You slash Prince Ribbit!
Prince Ribbit is almost dead.
Prince Ribbit barely misses you.
Prince Ribbit casts a spell.
Prince Ribbit looks slightly unstable.
You barely miss Prince Ribbit.
Prince Ribbit is almost dead.
Prince Ribbit hits you!
* * * LOW HITPOINT WARNING * * *
Prince Ribbit hits you but does no damage.
You miss Prince Ribbit.
Prince Ribbit is almost dead.
Prince Ribbit disappears!
Your skin stops crawling.
You feel less strong-willed.
The iguana bites you but does no damage.
You see here a sky beast corpse.
You hit the iguana but do no damage.
The iguana bites you but does no damage.
You slash the iguana!
The iguana is heavily wounded.
The iguana bites you!
* * * LOW HITPOINT WARNING * * *
The iguana bites you!
You die...

#>......._..§§.....#
#....≈≈.....≈§.....#
#?...≈§§§.≈..≈.....#
#......≈§.≈§.......
##########....§.§.....#.#
#....<..###......<......#
###.#####..####...######.##
##...# ##.# #l### #...#
...### #.# #@# #.### ####
#.# #.# #.# #.# #.# ##.#
#.# #.# #..# #.# #.# #.##
#.# #.# ##.#
##.####.####.####..#
..................##
##.#####.##..######


You could see an iguana.

Vanquished Creatures
  2 wraiths (Ossuary)
  Duvessa (D:4)
  An ice beast (D:5)
  A sky beast (D:5)
  A black bear (D:4)
  An ogre (D:5)
  Dowan (D:4)
  3 wights (Ossuary)
  A hound (D:4)
  A gnoll shaman (D:4)
  An iguana (D:5)
  2 orc wizards
  3 gnolls
  7 adders
  An adder zombie (Ossuary)
  2 worms
  11 dart slugs
  4 orcs
  9 ball pythons
  6 bats
  8 endoplasms
  3 giant cockroaches
  6 goblins
  14 hobgoblins
  9 jackals
  6 kobolds
  A quokka (D:1)
  5 frilled lizards
  3 orc skeletons (Ossuary)
  3 orc zombies (Ossuary)
  4 rats
121 creatures vanquished.

Vanquished Creatures (others)
  A plant (D:1)
1 creature vanquished.

Grand Total: 122 creatures vanquished

Notes
Turn   | Place    | Note
-------+----------+-------------------------------------------
     0 | D:1      | dracfodder the Gargoyle Berserker began the quest for the
                  | Orb.
     0 | D:1      | Reached XP level 1. HP: 14/14 MP: 1/1
    85 | D:1      | Found a faded altar of an unknown god.
   210 | D:1      | Reached XP level 2. HP: 19/19 MP: 2/2
   404 | D:1      | Reached XP level 3. HP: 18/24 MP: 3/3
   814 | D:1      | Reached ** piety under Trog
  1276 | D:2      | Reached skill level 1 in Axes
  1530 | D:2      | Reached XP level 4. HP: 29/29 MP: 4/4
  2019 | D:3      | Found a stormy altar of Qazlal.
  2198 | D:3      | Reached skill level 1 in Slings
  2239 | D:3      | Reached *** piety under Trog
  2256 | D:3      | Reached skill level 2 in Axes
  2256 | D:3      | Reached XP level 5. HP: 33/33 MP: 5/5
  2849 | D:4      | Reached skill level 3 in Axes
  2862 | D:3      | Reached XP level 6. HP: 18/38 MP: 6/6
  3209 | D:4      | Noticed a black bear
  3218 | D:4      | Killed a black bear
  3219 | D:4      | Reached skill level 4 in Axes
  3219 | D:4      | Reached skill level 1 in Shields
  3372 | D:4      | Found Dovun's Desiderata Depot.
  3468 | D:4      | Noticed Dowan
  3471 | D:4      | Noticed Duvessa
  3483 | D:4      | Killed Duvessa
  3484 | D:4      | Reached XP level 7. HP: 44/44 MP: 7/7
  3516 | D:4      | Killed Dowan
  3612 | D:5      | Entered Level 5 of the Dungeon
  3616 | D:5      | Reached **** piety under Trog
  3635 | D:5      | Found a sand-covered staircase.
  3665 | D:5      | HP: 2/66 [ice beast (5)]
  3674 | D:5      | Reached skill level 5 in Axes
  3698 | Ossuary  | Entered an ossuary
  3795 | Ossuary  | Noticed a flying skull
  3795 | Ossuary  | Noticed a wraith
  3856 | Ossuary  | Noticed a flying skull
  3866 | Ossuary  | Noticed a wraith
  3870 | Ossuary  | Killed a wraith
  3871 | Ossuary  | Reached skill level 6 in Axes
  3871 | Ossuary  | Reached XP level 8. HP: 48/48 MP: 8/8
  3923 | Ossuary  | Noticed a flying skull
  3928 | Ossuary  | Noticed a wraith
  3938 | Ossuary  | Killed a wraith
  3939 | Ossuary  | Reached skill level 5 in Fighting
  3947 | Ossuary  | Noticed a flying skull
  4484 | D:5      | Found a glowing silver altar of Zin.
  4493 | D:5      | Noticed Prince Ribbit
  4515 | D:5      | Reached skill level 7 in Axes
  4523 | D:5      | Slain by an iguana

Illustrated notes

Levels and vault maps discovered:
D:1:      psy_arrival_fountain, layout_basic,
          shapermc_ecumenical_altar_rom_forum
D:2:      layout_loops_cross, minmay_tromino_mix6
D:3:      kennysheep_slugbush, layout_loops_cross, mainiacjoe_overflow_brackets,
          amcnicky_mini_rare_corridor_liquid, hangedman_feature_mirror
D:4:      layout_basic, grunt_decor_resistance, chequers_garden,
          nicolae_alphabet_shops, chequers_serial_rivers_micro_c,
          hangedman_decor_push, chequers_serial_rivers_small_b, uniq_duvessa
D:5:      layout_rooms, mainiacjoe_overflow_small_starburst,
          minmay_temple_entry_gardened_gates,
          lightli_ossuary_entry_decrepit_ruins, hangedman_decor_clover_reticule,
          minmay_misc_feat_hallway, serial_bayou_pond_e, uniq_eustachio,
          uniq_menkaure, uniq_prince_ribbit1

Skill      XL: |  1  2  3  4  5  6  7  8 |
---------------+-------------------------+-----
Fighting       | 4 5 |  5.2
Axes           | 1 2 3 4 6 7 |  7.0
Slings         | 1 |  1.7
Dodging        | 2 |  2.3
Shields        | 1 2 |  2.2
Armour         | 3 |  3.8
Maces & Flails | |  3.3
Stealth        | |  0.5

Action                   |  1- 3 |  4- 6 |  7- 9 || total
-------------------------+-------+-------+-------++-------
Melee: Mace              |    51 |       |       ||    51
       War axe           |    66 |   146 |   134 ||   346
 Fire: Hunting sling     |       |    73 |       ||    73
Throw: Stone             |     2 |       |       ||     2
Invok: Berserk           |     2 |     3 |     2 ||     7
       Trog's Hand       |       |     2 |     1 ||     3
Evoke: Wand              |       |       |     1 ||     1
  Use: Potion            |     1 |       |     1 ||     2
       Scroll            |       |     8 |       ||     8
Armor: Animal skin       |    45 |       |       ||    45
       Leather armour    |    17 |   123 |     9 ||   149
       Scale mail        |       |       |    64 ||    64
Dodge: Dodged            |    99 |   102 |    46 ||   247
Block: Kite shield       |       |    58 |    48 ||   106

Table legend: (Time is in decaauts)
 A = Elapsed time spent in this place.
 B = Non-inter-level travel time spent in this place.
 C = Inter-level travel time spent in this place.
 D = Time resting spent in this place.
 E = Time spent auto-exploring this place.
 F = Levels seen in this place.
 G = Mean time per level.
                   A        B        C        D        E       F      G
               +--------+--------+--------+--------+--------+-----+--------+
         Total |   4807 |   4741 |     66 |    618 |   2634 |   6 |  801.2 |
       Dungeon |   4441 |   4375 |     66 |    564 |   2607 |   5 |  888.2 |
       Ossuary |    365 |    365 |      0 |     54 |     27 |   1 |  365.0 |
               +--------+--------+--------+--------+--------+-----+--------+

Top non-repeatable levels by time:
     D:4: 1168 daAuts
     D:2: 1094 daAuts
     D:1: 989 daAuts
     D:3: 969 daAuts
 Ossuary: 365 daAuts
     D:5: 220 daAuts
